cohdb
Replays
Latest Replays
All Replays
Popular Replays
Top Player Replays
Match Explorer
How It Works
Community
CoH3 Stats
Reddit
Sign in to upload your games and track your stats! →
Sign in with Steam
Match 41854038
Unlisted
Match 41854038
Overview
Messages
Build Orders
End
Construct Infanterie Kompanie
Selects Terror Battlegroup
Selects Machine Gun Camouflage
Grenadier Squad
MG 42 Machine Gun Team
Kettenkrad Recon Vehicle
MG 42 Machine Gun Team
Grenadier Squad
Infanterie Officer Quarters
Grenadier Squad
Construct Panzergrenadier Kompanie
Medical Station
251 Medium Carrier
Selects Defend the Fatherland
Selects Interrogate
Pioneer Squad
Pak 40 Anti-tank Gun Team
Support Elements
MG 42 Machine Gun Team
Panzergrenadier Squad
Panzergrenadier Squad
Selects Propaganda Leaflet Drop
Selects V1 Rocket Strike
StuG III G Assault Gun
AI Takeover
Hi-LoⅢ♈
只愛❤毛妹
0
0
Comments
sign in to comment!
No comments posted yet!